 Dungeon Crawl Stone Soup version 0.28-a0-957-g42eb19b844 (webtiles) character file.

Game seed: 10999505458915132653

531 bande the Covered (level 7, -5/44 HPs)
             Began as a Gargoyle Fighter on Nov 30, 2021.
             Killed by divine providence
             ... invoked by an orc priest
              (16 damage)
             ... on level 4 of the Dungeon.
             The game lasted 00:05:32 (4625 turns).

bande the Covered (Gargoyle Fighter)                Turns: 4625, Time: 00:05:32

Health: -5/44      AC: 16    Str: 21    XL:     7   Next: 24%
Magic:  7/7        EV:  7    Int:  9    God:
Gold:   223        SH:  4    Dex:  9    Spells: 6/6 levels left

rFire   . . .      SeeInvis .   a - +0 war axe
rCold   . . .      Faith    .   c - +0 buckler
rNeg    + . .      Spirit   .   o - +0 chain mail
rPois   ∞          Reflect  .   i - +2 hat
rElec   +          Harm     .   (no cloak)
rCorr   .          Rampage  .   (no gloves)
Will    .....                   (no boots)
Stlth   ..........              (no amulet)
HPRegen 0.14/turn               (no ring)
MPRegen 0.10/turn               (no ring)

@: no status effects
A: sickness immunity, AC +4, negative energy resistance 1, electricity
resistance, torment resistance 1, petrification resistance
a: no special abilities


You were on level 4 of the Dungeon.
You visited 1 branch of the dungeon, and saw 4 of its levels.

You collected 223 gold pieces.

Inventory:

Hand Weapons
 a - a +0 war axe (weapon)
 j - a +0 flail
 q - a +0 war axe
Armour
 c - a +0 buckler (worn)
 i - a +2 hat (worn)
 o - a +0 chain mail (worn)
Scrolls
 b - a scroll of identify {unknown}
Potions
 d - a potion of might
 e - 2 potions of resistance {unknown}
 f - a potion of berserk rage {unknown}
 g - a potion of lignification {unknown}
 h - 2 potions of haste
 k - a potion of brilliance {unknown}
 l - a potion of attraction {unknown}
 m - 2 potions of ambrosia {unknown}
 n - a potion of curing {unknown}
 p - 2 potions of mutation {unknown}


   Skills:
 + Level 4.6 Fighting
 + Level 4.8 Axes
 + Level 5.2 Armour
 - Level 0.1 Dodging
 + Level 4.3 Shields


You had 6 spell levels left.
You didn't know any spells.
Your spell library was empty.

Dungeon Overview and Level Annotations

Branches:
Dungeon (4/15)
 Temple: D:4-7

Altars:
Gozag

Shops:
D:3 *


Innate Abilities, Weirdness & Mutations

You are immune to sickness and miasma.
Your stone body is resilient. (AC +4)
You are immune to poison.
You resist negative energy. (rN+)
You are resistant to electric shocks. (rElec)
You are resistant to unholy torment.
You are immune to petrification.


Message History

The orc priest closely misses you. The orc hits you but does no damage.
The quokka bites you but does no damage.
The orc priest calls upon Beogh to heal the orc.
The orc's wounds heal themselves!
You barely miss the orc priest.
The orc priest is moderately wounded.
You hit the orc. You hit the quokka.
The quokka bites you but does no damage.
You block the orc's attack. You block the orc priest's attack.
The quokka bites you. The orc hits you with a +0 flail.
Unknown command.
You barely miss the orc priest.
The orc priest is moderately wounded.
You hit the orc. You closely miss the quokka.
The quokka bites you but does no damage.
The orc priest hits you with a +0 morningstar.
The orc hits you with a +0 flail.
Unknown command.
You barely miss the orc priest.
The orc priest is moderately wounded.
You closely miss the quokka. You slash the orc!
You kill the orc!
The quokka bites you but does no damage.
The orc priest invokes the aid of Beogh against you.
Beogh smites you!
* * * LOW HITPOINT WARNING * * *
The quokka barely misses you.
You barely miss the orc priest.
The orc priest is moderately wounded.
You barely miss the quokka. You hit the ogre but do no damage.
You block the orc priest's attack. The ogre closely misses you.
The quokka barely misses you. You block the orc priest's attack.
Unknown command.
You barely miss the orc priest.
The orc priest is moderately wounded.
You barely miss the quokka. You closely miss the ogre.
You block the quokka's attack. The ogre hits you but does no damage.
The orc priest calls down the wrath of Beogh upon you.
Beogh smites you!
You die...

#.
##########.#######
#.....##.........
#.###.# ........##
#.# #<# #.......
#.# #÷#
#.....####.# #.#
#.# #..........#
#.# #.# #.)))..#
#.# #.######'##@#
##.#
#........#roO...#
...#
##########......#
#### '.........
##..(......
##.....##. #.....'
#.....#.


You could see an ogre, an orc priest and a quokka.

Vanquished Creatures
  An orc warrior (D:3)
  A black bear (D:4)
  The ghost of Strat the Sneak, an amateur VSBr (D:3)
  A scorpion (D:3)
  A hound (D:3)
  An orc priest (D:3)
  An orc wizard (D:3)
  3 adders
  An adder skeleton (D:2)
  A worm (D:2)
  2 dart slugs
  12 orcs
  2 bats
  9 endoplasms
  2 giant cockroaches (D:2)
  3 goblins (D:1)
  6 hobgoblins
  12 jackals
  5 kobolds
  A quokka (D:3)
  7 ball pythons
  4 frilled lizards
  3 rats
80 creatures vanquished.

Notes
Turn   | Place    | Note
-------+----------+-------------------------------------------
     0 | D:1      | bande the Gargoyle Fighter began the quest for the Orb.
     0 | D:1      | Reached XP level 1. HP: 14/14 MP: 1/1
   297 | D:1      | Reached XP level 2. HP: 7/19 MP: 2/2
   917 | D:1      | Reached XP level 3. HP: 21/23 MP: 3/3
  1767 | D:2      | Reached XP level 4. HP: 27/29 MP: 4/4
  2471 | D:3      | Found a runed translucent gate.
  2471 | D:3      | Found an opulent altar of Gozag.
  2473 | D:3      | Found a runed translucent gate.
  2473 | D:3      | Found a runed translucent gate.
  2483 | D:3      | Reached XP level 5. HP: 32/33 MP: 5/5
  2499 | D:3      | Reached skill level 4 in Armour
  3151 | D:3      | Found Gekococ's General Store.
  3383 | D:3      | Noticed Strat's ghost (amateur VSBr)
  3844 | D:3      | Reached XP level 6. HP: 26/38 MP: 6/6
  3857 | D:3      | Killed Strat's ghost
  4238 | D:4      | Noticed a black bear
  4245 | D:4      | Killed a black bear
  4246 | D:4      | Reached skill level 5 in Armour
  4314 | D:4      | Noticed an orc warrior
  4343 | D:3      | Killed an orc warrior
  4344 | D:3      | Reached XP level 7. HP: 25/44 MP: 7/7
  4625 | D:4      | Killed from afar by an orc priest

Illustrated notes

Levels and vault maps discovered:
D:1:      dpeg_arrival_rhombi, layout_loops_ring
D:2:      layout_basic
D:3:      layout_basic, serial_shops, shop, ebering_ghost_gozag
D:4:      layout_basic

Skill      XL: |  1  2  3  4  5  6 |
---------------+-------------------+-----
Axes           | 2 3 4 |  4.8
Armour         | 4 5 |  5.2
Fighting       | 4 |  4.6
Shields        | 4 |  4.3
Dodging        | |  0.1

Action                   |  1- 3 |  4- 6 |  7- 9 || total
-------------------------+-------+-------+-------++-------
Melee: War axe           |    99 |   168 |    22 ||   289
  Use: Scroll            |     2 |     3 |       ||     5
       Potion            |       |     1 |       ||     1
Armor: Scale mail        |    58 |   104 |       ||   162
       Chain mail        |       |    24 |    25 ||    49
Dodge: Dodged            |    54 |    55 |    14 ||   123
Block: Buckler           |    28 |    37 |     8 ||    73

Table legend: (Time is in decaauts)
 A = Elapsed time spent in this place.
 B = Non-inter-level travel time spent in this place.
 C = Inter-level travel time spent in this place.
 D = Time resting spent in this place.
 E = Time spent auto-exploring this place.
 F = Levels seen in this place.
 G = Mean time per level.
                   A        B        C        D        E       F      G
               +--------+--------+--------+--------+--------+-----+--------+
         Total |   4726 |   4716 |     10 |   1044 |   2828 |   4 | 1181.5 |
       Dungeon |   4726 |   4716 |     10 |   1044 |   2828 |   4 | 1181.5 |
               +--------+--------+--------+--------+--------+-----+--------+

Top non-repeatable levels by time:
     D:3: 2280 daAuts
     D:1: 1386 daAuts
     D:2: 916 daAuts
     D:4: 142 daAuts
